 Dungeon Crawl Stone Soup version 0.21.1-1-g345015fe64 (webtiles) character file.

217 Peloso the Covered (level 5, -1/49 HPs)
             Began as a Deep Dwarf Fighter on Apr 18, 2018.
             Killed from afar by an orc wizard (4 damage)
             ... with a magic dart
             ... on level 4 of the Dungeon.
             The game lasted 00:08:29 (2591 turns).

Peloso the Covered (Deep Dwarf Fighter)             Turns: 2591, Time: 00:08:33

Health: -1/49      AC:  7    Str: 21    XL:     5   Next: 61%
Magic:  5/5        EV:  8    Int:  8    God:
Gold:   148        SH:  9    Dex: 12    Spells: 4/4 levels left

rFire    . . .     SeeInvis .   a - +0 long sword
rCold    . . .     Gourm    .   c - +0 shield
rNeg     . . .     Faith    .   b - +0 scale mail
rPois    .         Spirit   .   (no helmet)
rElec    .         Reflect  .   (no cloak)
rCorr    .         Harm     .   (no gloves)
MR       .....                  (no boots)
Stlth    ..........             (no amulet)
HPRegen  0.00/turn              (no ring)
MPRegen  0.09/turn              (no ring)

@: lethally poisoned (-1 -> -1), non-regenerating
A: damage resistance, heal wounds, sense surroundings 1, no regeneration
a: Heal Wounds


You were on level 4 of the Dungeon.
You were not hungry.

You visited 1 branch of the dungeon, and saw 4 of its levels.

You collected 148 gold pieces.

Inventory:

Hand Weapons
 a - a +0 long sword (weapon)
Armour
 b - a +0 scale mail (worn)
 c - a +0 shield (worn)
Scrolls
 e - 2 scrolls of remove curse {unknown}
 g - 2 scrolls of teleportation {unknown}
 h - a scroll of amnesia {unknown}
 i - a scroll of magic mapping {unknown}
 k - a scroll of enchant armour {unknown}
Potions
 d - a potion of might
Comestibles
 f - 8 rations
 j - 2 chunks of flesh


   Skills:
 + Level 3.0 Fighting
 + Level 3.9 Long Blades
 + Level 4.5 Armour
 + Level 1.2 Dodging
 + Level 4.3 Shields


You had 4 spell levels left.
You didn't know any spells.

Dungeon Overview and Level Annotations

Branches:
Dungeon (4/15)
 Temple: D:4-7

Altars:
Cheibriados
Gozag
Qazlal
Xom
Zin


Innate Abilities, Weirdness & Mutations

You are resistant to damage.
You can heal yourself by infusing magical energy.
You passively map a small area around you.
You do not regenerate.


Message History

The orc wizard casts a spell at you.
You easily resist.
The orc wizard gestures at you while chanting.
The magic dart hits you!
* * * LOW HITPOINT WARNING * * *
You fail to use your ability.
The orc wizard mumbles some strange words.
The orc wizard blinks!
You completely miss the orc wizard.
The orc wizard is almost dead.
The orc wizard completely misses you.
The orc wizard hits you but does no damage.
You hit the orc wizard.
The orc wizard is almost dead.
The orc wizard casts a spell at you. The magic dart hits you!
* * * LOW HITPOINT WARNING * * *
The orc wizard gestures at you while chanting.
The magic dart hits you!
You die...

.#........# # * ,
..........#*,.# *
, ..#.......##..#
,
..............###
*
...#......#......
....o..ยง.........
, *
>##....)..#....#
####..<#o.....# *
#......#@#...#
#.#.#........#
#..###.......... *
#.#* ##.$.....<.
,#., .$........ .
, ..#.#...... , ,
,,, .%...#...### *
* #####.#...# *
.....##


You could see an orc wizard.

Vanquished Creatures
  A worker ant (D:4)
  4 gnolls (D:3)
  6 adders
  4 oozes
  2 worms
  A dart slug (D:1)
  3 leopard geckos
  4 orcs
  A ball python (D:1)
  4 bats (D:1)
  A giant cockroach (D:3)
  7 goblins
  5 hobgoblins
  9 jackals (D:1)
  7 kobolds
  4 frilled lizards
  8 rats
71 creatures vanquished.

Notes
Turn   | Place    | Note
-------+----------+-------------------------------------------
     0 | D:1      | Peloso the Deep Dwarf Fighter began the quest for the Orb.
     0 | D:1      | Reached XP level 1. HP: 20/20 MP: 1/1
    41 | D:1      | Reached XP level 2. HP: 27/27 MP: 2/2
   154 | D:1      | Reached XP level 3. HP: 28/33 MP: 3/3
   808 | D:2      | Reached XP level 4. HP: 14/42 MP: 4/4
  1100 | D:2      | Found an opulent altar of Gozag.
  1103 | D:2      | Found a snail-covered altar of Cheibriados.
  1105 | D:2      | Found a shimmering altar of Xom.
  1362 | D:2      | Found a glowing silver altar of Zin.
  1362 | D:2      | Noticed an angel
  1881 | D:3      | Reached XP level 5. HP: 21/49 MP: 5/5
  1894 | D:3      | Reached skill level 1 in Dodging
  2411 | D:3      | Found a stormy altar of Qazlal.
  2591 | D:4      | Killed from afar by an orc wizard

Skill      XL: |  1  2  3  4  5 |
---------------+----------------+-----
Shields        | 4 |  4.3
Fighting       | 3 |  3.0
Long Blades    | 3 |  3.9
Armour         | 4 |  4.5
Dodging        | 1 |  1.2

Action                   |  1- 3 |  4- 6 || total
-------------------------+-------+-------++-------
Melee: Long sword        |   159 |   106 ||   265
  Use: Potion            |       |     3 ||     3
       Scroll            |       |     1 ||     1
  Eat: Chunk             |       |     6 ||     6
Armor: Scale mail        |    82 |    27 ||   109
Dodge: Dodged            |    53 |    30 ||    83
Block: Shield            |    98 |    61 ||   159
       Rpst.: Long sword |    18 |    10 ||    28
